 Dungeon Crawl Stone Soup version 0.32-a0-998-g15e7c0074e (webtiles) character file.

Game seed: 5975728432085586438

506 GeoRichter the Firebug (level 6, 0/32 HPs)
             Began as a Deep Elf Fire Elementalist on Apr 24, 2024.
             Was a Believer of Vehumet.
             Slain by a centaur (1 damage)
             ... on level 5 of the Dungeon.
             The game lasted 00:07:39 (5049 turns).

GeoRichter the Firebug (Deep Elf Fire Elementalist) Turns: 5049, Time: 00:07:40

Health: 0/32       AC:  3    Str:  7    XL:     6   Next: 97%
Magic:  3/17       EV: 11    Int: 20    God:    Vehumet [**....]
Gold:   186        SH:  0    Dex: 15    Spells: 14/17 levels left

rFire   . . .        s - +0 demon whip (drain)
rCold   . . .        (no shield)
rNeg    . . .        a - +0 robe
rPois   .            (no helmet)
rElec   .            (no cloak)
rCorr   .            (no gloves)
SInv    +            e - +0 pair of boots
Will    .....        h - amulet of the acrobat
Stlth   +++          o - ring of see invisible
HPRegen 0.25/turn    (no ring)
MPRegen 0.15/turn

%: acrobat
@: about to teleport
A: no striking features
a: Renounce Religion


You were on level 5 of the Dungeon.
You worshipped Vehumet.
Vehumet was pleased with you.
You visited 1 branch of the dungeon, and saw 5 of its levels.
You also visited: Sewer.

You collected 186 gold pieces.

Inventory:

Hand Weapons
 s - a +0 demon whip of draining (weapon)
   (You found it on level 3 of the Dungeon)
Armour
 a - a +0 robe (worn)
 e - a +0 pair of boots (worn)
   (You found it on level 4 of the Dungeon)
Jewellery
 h - an amulet of the acrobat (around neck)
   (You found it on level 1 of the Dungeon)
 o - a ring of see invisible (left hand)
   (You found it on level 2 of the Dungeon)
Scrolls
 c - a scroll of brand weapon {unknown}
 d - a scroll of silence {unknown}
 g - a scroll of vulnerability {unknown}
 k - a scroll of noise {unknown}
 m - 3 scrolls of teleportation {@r4}
 n - a scroll of immolation {unknown}
 q - a scroll of identify {unknown}
 u - a scroll of enchant armour {unknown}
Potions
 b - 2 potions of magic
 f - 3 potions of curing {unknown}
 i - a potion of haste {unknown}
 j - 2 potions of lignification {unknown}
 l - a potion of attraction {unknown}
 p - 2 potions of enlightenment {unknown}
 r - a potion of mutation {unknown}


   Skills:
 - Level 2.4 Dodging
 - Level 4.0 Stealth
 + Level 6.0 Spellcasting
 * Level 3.6 Conjurations
 - Level 6.0 Fire Magic


You had 14 spell levels left.
You knew the following spells:

 Your Spells              Type           Power      Damage    Failure   Level
a - Foxfire               Conj/Fire      100%       2x1d9     1%          1
b - Scorch                Fire           60%        2d7       1%          2

Your spell library contained the following spells:

 Spells                   Type           Power      Damage    Failure   Level
 Shock                    Conj/Air       52%        1d6       4%          1
 Inner Flame              Hex/Fire       18%        N/A       9%          3
 Volatile Blastmotes      Fire/Tloc      36%        2d13      9%          3
 Flame Wave               Conj/Fire      25%        2d8       14%         4
 Call Imp                 Summ           12%        N/A       16%         2
 Sublimation of Blood     Necr           6%         N/A       16%         2
 Summon Hydra             Summ           3%         N/A       100%        7


Dungeon Overview and Level Annotations

Branches:
Dungeon (4/15) Zot: 25551   Sewer (visited)
 Temple: D:4-7

Altars:
Elyvilon
Sif Muna
Vehumet

Annotations:
D:3 3 runed translucent doors, Vbesf's ghost, amateur GnCA
D:5 Edmund


Message History

Edmund is lightly wounded.
Casting: Scorch (safe; 1% risk of failure)
Confirm with . or Enter, or press ? or * to list all spells.
Flames lash Edmund.
Edmund is burned terribly!
Edmund is moderately wounded.
Edmund hits you with a +2 flail of protection.
Casting: Scorch (safe; 1% risk of failure)
Confirm with . or Enter, or press ? or * to list all spells.
Flames lash Edmund.
Edmund is burned terribly!
Edmund is moderately wounded.
Edmund hits you with a +2 flail of protection.
Casting: Scorch (safe; 1% risk of failure)
Confirm with . or Enter, or press ? or * to list all spells.
Flames lash Edmund but do no damage.
Edmund completely misses you.
Casting: Scorch (safe; 1% risk of failure)
Confirm with . or Enter, or press ? or * to list all spells.
You don't have enough magic to cast this spell.
Okay, then.
Press: ? - help, v - describe, . - travel
Here: Edmund, wielding a +2 flail of protection and wearing a +0 leather armour (moderately wounded, more vulnerable to fire)
The floor.
Unknown command.
You closely miss Edmund.
Edmund is moderately wounded.
Edmund hits you with a +2 flail of protection!
You barely miss Edmund.
Edmund is moderately wounded.
Edmund hits you with a +2 flail of protection!
* * * LOW HITPOINT WARNING * * *
Blink to where?
Press: ? - help, Dir - move target
Found 5 gold pieces.
As you read the scroll of blinking, it crumbles to dust.
A centaur comes into view.
The centaur shouts!
You hear an angry hiss.
The centaur hits you.
* * * LOW HITPOINT WARNING * * *
The centaur kicks you.
* * * LOW HITPOINT WARNING * * *
As you read the scroll of teleportation {@r4}, it crumbles to dust.
You feel strangely unstable. The centaur barely misses you.
The centaur kicks you but does no damage.
Unknown command.
You hit the centaur.
The centaur is lightly wounded.
The centaur completely misses you. The centaur barely misses you.
The centaur hits you.
* * * LOW HITPOINT WARNING * * *
The centaur kicks you.
You die...

....................##
(................?...#
.....................#
................@###.#
#########.# # #.# #.#
#.# #@# #..c.# #..#.#
#..#.# #..# # #..#
#... ...#


You could see Edmund and a centaur.

Vanquished Creatures
  An ogre (D:5)
  2 bullfrogs (Sewer)
  A bombardier beetle (D:3)
  An orc priest (D:2)
  5 adders
  12 dart slugs
  4 ribbon worms
  15 orcs
  6 bats
  14 endoplasms
  13 giant cockroaches
  8 goblins
  9 hobgoblins
  4 jackals
  4 kobolds
  2 quokkas
  12 ball pythons
  10 frilled lizards
  9 rats
132 creatures vanquished.

Vanquished Creatures (others)
  111 foxfires
111 creatures vanquished.

Grand Total: 243 creatures vanquished

Notes
Turn   | Place    | Note
-------+----------+-------------------------------------------
     0 | D:1      | GeoRichter the Deep Elf Fire Elementalist began the quest
                  | for the Orb.
     0 | D:1      | Reached XP level 1. HP: 10/10 MP: 6/6
   317 | D:1      | Reached XP level 2. HP: 15/15 MP: 6/8
   320 | D:1      | Learned a level 2 spell: Scorch
   954 | D:1      | Reached XP level 3. HP: 19/19 MP: 2/9
  2334 | D:2      | Reached XP level 4. HP: 24/24 MP: 8/11
  2530 | D:2      | Found a faded altar of an unknown god.
  2774 | D:2      | Prayed at the altar of an unknown god.
  2774 | D:2      | Became a worshipper of Elyvilon the Healer
  2774 | D:2      | Reached * piety under Elyvilon
  2968 | D:3      | Found a radiant altar of Vehumet.
  3210 | D:3      | Fell from the grace of Elyvilon
  3210 | D:3      | Became a worshipper of Vehumet
  3312 | D:3      | Found a shimmering blue altar of Sif Muna.
  3337 | D:3      | Found a runed translucent gate.
  3338 | D:3      | Found a runed translucent gate.
  3341 | D:3      | Found a runed translucent gate.
  3347 | D:3      | Noticed Vbesf's ghost (amateur GnCA)
  3534 | D:3      | Reached skill level 5 in Fire Magic
  3534 | D:3      | Reached XP level 5. HP: 28/28 MP: 6/13
  4136 | D:4      | Reached * piety under Vehumet
  4136 | D:4      | Offered knowledge of Kiss of Death by Vehumet.
  4139 | D:4      | Found a glowing drain.
  4169 | Sewer    | Entered a sewer
  4540 | Sewer    | Reached skill level 5 in Spellcasting
  4597 | Sewer    | Reached ** piety under Vehumet
  4597 | Sewer    | Offered knowledge of Shock by Vehumet.
  4666 | Sewer    | Reached XP level 6. HP: 32/32 MP: 12/15
  4995 | D:4      | You fall into a shaft and drop 1 floor!
  4995 | D:5      | Entered Level 5 of the Dungeon
  5004 | D:5      | Noticed Edmund
  5047 | D:5      | HP: 1/32 [centaur (2)]
  5049 | D:5      | Slain by a centaur

Illustrated notes

Levels and vault maps discovered:
D:1:      dpeg_arrival_snail, layout_loops_corners
D:2:      layout_basic, hellmonk_ecumenical_altar_leap_of_faith
D:3:      layout_basic, vehumet_crystals, nicolae_sif_muna_condensation,
          gammafunk_ghost_split
D:4:      layout_loops_ring, gup_sewer_entry_spiral
D:5:      layout_basic, nicolae_elyvilon_peaceful_grove, uniq_edmund, uniq_ijyb

Skill      XL: |  1  2  3  4  5  6 |
---------------+-------------------+-----
Stealth        | 3 4 |  4.0
Fire Magic     | 4 5 6 |  6.0
Spellcasting   | 4 5 6 |  6.0
Conjurations   | 3 |  3.6
Dodging        | |  2.4

Action                     |  1- 3 |  4- 6 || total
---------------------------+-------+-------++-------
  Melee: Unarmed           |     2 |       ||     2
         Dagger            |     3 |     4 ||     7
         Demon whip        |       |    13 ||    13
   Cast: Foxfire           |    21 |    41 ||    62
         Scorch            |    37 |    82 ||   119
    Use: Scroll            |       |     4 ||     4
 Armour: Robe              |     5 |    36 ||    41
  Dodge: Dodged            |     4 |    53 ||    57

Table legend: (Time is in decaauts)
 A = Elapsed time spent in this place.
 B = Non-inter-level travel time spent in this place.
 C = Inter-level travel time spent in this place.
 D = Time resting spent in this place.
 E = Time spent auto-exploring this place.
 F = Levels seen in this place.
 G = Mean time per level.
                   A        B        C        D        E       F      G
               +--------+--------+--------+--------+--------+-----+--------+
         Total |   5146 |   4961 |    185 |    490 |   3613 |   6 |  857.7 |
       Dungeon |   4447 |   4262 |    185 |    490 |   3103 |   5 |  889.4 |
         Sewer |    699 |    699 |      0 |      0 |    510 |   1 |  699.0 |
               +--------+--------+--------+--------+--------+-----+--------+

Top non-repeatable levels by time:
     D:2: 1667 daAuts
     D:1: 1427 daAuts
     D:3: 820 daAuts
   Sewer: 699 daAuts
     D:4: 477 daAuts
     D:5: 53 daAuts
